 Dungeon Crawl Stone Soup version bcrawl-1.31.4 (webtiles) character file.

Game seed: 18321949873920198296

9015134 Morbidden the Sorcerer (level 17, -1/103 HPs)
             Began as a Skeleton Reaver on June 6, 2021.
             Was the Champion of Vehumet.
             Slain by a deep troll shaman (18 damage)
             ... led by an ironheart preserver
             ... on level 1 of the Vaults.
             The game lasted 00:56:35 (31386 turns).

Morbidden the Sorcerer (Skeleton Reaver)           Turns: 31386, Time: 00:56:36

Health: -1/103     AC: 12    Str: 17      XL:     17   Next: 58%
Magic:  0/63       EV: 14    Int: 30      God:    Vehumet [******]
Gold:   2351       SH: 17    Dex:  5 (7)  Spells: 38/59 levels left

rFire    + . .     SeeInvis +   b - staff of power
rCold    + + .     Gourm    .   J - +2 shield of Resistance {rF+ rC+ MR+}
rNeg     + + +     Faith    .   w - +0 troll leather armour
rPois    ∞         Spirit   +   n - +0 helmet
rElec    .         Reflect  +   C - +2 cloak
rCorr    .         Harm     .   t - +0 pair of gloves
MR       +++..                  M - +2 pair of boots {run}
Stlth    ++........             D - +4 amulet of reflection
HPRegen  1.67/turn              K - ring of the Original Sin {*Contam *Corrode rN+++ EV+3 Int+9 SInv}
MPRegen  0.38/turn              q - ring of magical power

@: quick
A: no food or potions, cold resistance 1, deterioration 1, negative energy
resistance 3, powered by death 2, torment resistance, unbreathing, magic shield,
sturdy frame 2, spell healing
}: 1/15 runes: barnacled
a: Renounce Religion


You were on level 1 of the Vaults.
You worshipped Vehumet.
Vehumet was exalted by your worship.
You were not hungry.

You visited 6 branches of the dungeon, and saw 24 of its levels.

You collected 3410 gold pieces.
You spent 1059 gold pieces at shops.

Inventory:

Hand Weapons
 a - a +4 scimitar of flaming
 f - a +2 dagger of venom
 E - a +1 dagger of electrocution
Missiles
 d - 475 javelins (quivered)
 j - 11 throwing nets {=f}
 o - 1175 poisoned tomahawks
 R - 620 steel javelins
Armour
 n - a +0 helmet (worn)
 t - a +0 pair of gloves (worn)
 w - a +0 troll leather armour (worn)
 C - a +2 cloak (worn)
 J - the +2 shield of Resistance (worn) {rF+ rC+ MR+}
   (You found it on level 11 of the Dungeon)

   It protects you from fire.
   It protects you from cold.
   It affects your resistance to hostile enchantments.
 M - a +2 pair of boots of running (worn)
 N - a +0 cloak of magic resistance
Magical Staves
 b - an uncursed staff of power (weapon)
Jewellery
 e - an uncursed ring of protection from fire
 q - a ring of magical power (right hand)
 u - an uncursed amulet of regeneration
 y - the ring of Fupharph {Ice Int+2}
   (You found it on level 8 of the Dungeon)

   [ring of ice]

   It enhances your ice magic.
   It affects your intelligence (+2).
   It makes you vulnerable to fire.
   It protects you from cold.
 D - a +4 amulet of reflection (around neck)
 K - the ring of the Original Sin (left hand) {*Contam *Corrode rN+++ EV+3 Int+9 SInv}
   (You acquired it on level 5 of the Lair of Beasts)

   [ring of evasion]

   It affects your evasion (+3).
   It affects your intelligence (+9).
   It renders you almost immune to negative energy.
   It lets you see invisible.
   It causes magical contamination when unequipped.
   It may corrode you when you take damage.
 P - an uncursed ring of flight
Wands
 k - a wand of clouds (7)
 p - a wand of digging (18)
 r - a wand of flame (39)
 z - a wand of scattershot (3)
 F - a wand of random effects (10)
 G - a wand of iceblast (27)
 H - a wand of paralysis (6)
 L - a wand of disintegration (8)
 S - a wand of acid (6)
Scrolls
 c - 5 scrolls of immolation
 g - 8 scrolls of teleportation
 h - 10 scrolls of amnesia
 i - a scroll of identify
 l - 4 scrolls of magic mapping
 m - a scroll of noise
 v - 5 scrolls of enchant weapon
 x - 8 scrolls of remove curse
 B - 2 scrolls of fog
 I - 3 scrolls of enchant armour
 Q - a scroll of summoning
Miscellaneous
 A - a lightning rod (4/4)
 T - a sack of spiders


   Skills:
 * Level 10.7 Fighting
 + Level 3.5(9.1) Short Blades
 * Level 12.6(12.8) Long Blades
 + Level 1.4 Throwing
 * Level 2.3 Armour
 * Level 10.7 Dodging
 + Level 4.3 Stealth
 * Level 11.8 Shields
 * Level 21.5 Spellcasting
 + Level 17.5 Conjurations
 + Level 2.0 Charms
 * Level 6.6 Air Magic
 + Level 0.3 Evocations


You had 38 spell levels left.
You knew the following spells:

 Your Spells              Type           Power        Failure   Level  Hunger
a - Iskenderun's Mystic   Conj           #######.     0%          3    N/A
b - Orb of Destruction    Conj           #######...   1%          7    N/A
c - Iskenderun's Battles  Conj/Chrm      ######..     1%          5    N/A
d - Airstrike             Air            ######....   1%          4    N/A
z - Searing Ray           Conj           #######.     0%          2    N/A

Your spell library contained the following spells:

 Spells                   Type           Power        Failure   Level  Hunger
 Chain Lightning          Conj/Air       #######...   50%         8    N/A
 Lehudib's Crystal Spear  Conj/Erth      ######....   90%         8    N/A
 Glaciate                 Conj/Ice/Air   ######....   95%         8    N/A
 Sandblast                Erth           ####..       1%          1    N/A
 Shock                    Conj/Air       #####        1%          1    N/A
 Poisonous Vapours        Pois/Air       ######       1%          2    N/A
 Swiftness                Chrm/Air       ######..     1%          2    N/A
 Conjure Flame            Conj/Fire      ######..     1%          3    N/A
 Mephitic Cloud           Conj/Pois/Air  ######..     1%          3    N/A
 Static Discharge         Air            ######..     1%          3    N/A
 Stone Arrow              Conj/Erth      ######       1%          3    N/A
 Lightning Bolt           Conj/Air       #######...   1%          5    N/A
 Infusion                 Chrm           #####...     2%          1    N/A
 Song of Slaying          Chrm           #####...     3%          2    N/A
 Ensorcelled Hibernation  Hex/Ice        ####..       8%          2    N/A
 Passwall                 Tmut/Erth      ####....     8%          2    N/A
 Ozocubu's Armour         Chrm/Ice       #####...     10%         3    N/A
 Spectral Weapon          Hex/Chrm       #####...     10%         3    N/A
 Lee's Rapid Deconstruct  Erth           ####......   34%         5    N/A
 Freezing Cloud           Ice/Air        ######....   43%         6    N/A
 Petrify                  Tmut/Erth      ####......   45%         4    N/A
 Steam Barrier            Chrm/Fire      #####.....   99%         6    N/A
 Borgnjor's Vile Clutch   Necr/Erth      ####......   100%        6    N/A
 Darkness                 Hex            ####......   100%        6    N/A
 Infestation              Hex/Tmut/Pois  ####.....    100%        6    N/A
 Shadow Creatures         Summ           N/A          100%        6    N/A
 Time Stop                Chrm/Tloc      N/A          100%        8    N/A
 Regeneration             Chrm/Necr      Unusable     N/A         3    N/A

Dungeon Overview and Level Annotations

Branches:
Dungeon (12/12)            Temple (0/1) D:4            Lair (6/6) D:7
 Shoals (3/3) Lair:4       Spider (1/3) Lair:3        Slime (0/5) Lair:6
    Orc (1/1) D:10            Elf (0/3) Orc          Vaults (1/3) D:12
  Crypt (0/2) Vaults:1     Depths (0/5) D:12

Altars:
Ashenzari
Cheibriados
Elyvilon
Fedhas
Gozag
Hepliaklqana
Kikubaaqudgha
Lugonu
Nemelex Xobeh
Okawaru
Qazlal
Sif Muna
Trog
Uskayaw
Xom
Yredelemnul
Zin
Beogh
Jiyva

Shops:
D:5 [   D:11 %   Orc [[!:?   Shoals:1 *

Portals:
Pandemonium: Orc

Annotations:
D:8 2 transporters, Maksi666's ghost, novice EnBe
D:11 1 runed door
D:12 2 runed translucent doors, Quickbrownfox's ghost, journeyman DsAc
Lair:1 exclusion: oklob plant
Lair:4 1 runed translucent door, Winsalot's ghost, journeyman DjCj
Lair:5 3 runed translucent doors, Caath's ghost, journeyman DrFi; Hairutzoic's ghost, journeyman MiBe; Morbidden's ghost, journeyman FrAE; yrara's ghost, journeyman DsFi
Lair:6 1 runed door


Innate Abilities, Weirdness & Mutations

You do not eat or drink.
You are immune to poison.
Your flesh is cold resistant. (rC+)
Your body sometimes deteriorates upon taking damage.
You are immune to negative energy. (rN+++)
You regenerate health from kills.
You are immune to unholy pain and torment.
You can survive without breathing.
When hurt, damage is shared between your health and your magic reserves.
Your movements are less encumbered by armour. (ER -4)
Casting spells heals you.


Message History

The deep troll claws you!!
* * * LOW HITPOINT WARNING * * *
Your body deteriorates!
You feel clumsy. The deep troll claws you!
* * * LOW HITPOINT WARNING * * *
The deep troll shaman barely misses you.
The deep troll shaman closely misses you.
The deep troll shaman claws you but does no damage.
No path to travel!
Casting: Iskenderun's Mystic Blast (safe; 0% risk of failure)
Confirm with . or Enter, or press ? or * to list all spells.
You don't have enough magic to cast that spell.
No path to travel!
No path to travel!
No path to travel!
No path to travel!
Unknown command.
Okay, then.
The deep troll shaman bites you!!
You die...

.#..........)')..........#......#
.#############...........'......#
.######## #...........'......#
.'.%....# #...........#......#
.#......# #...........########
.#.)....# #.).........# .#......#
#...........# .#......#
#.T.........# .#......#
#Tu@........# .#....).#
##'########### .######## #......#
.# #......# .# #...*..# ## .#
#......# ... .######## #......#
... .#......# #......# ..#
.#.####.# #.....)#)..#


You could see a deep troll, a cyan ugly thing and a deep troll shaman.

Vanquished Creatures
  Jorgrun (Orc)
  Ilsuiw (Shoals:2)
  An emperor scorpion (Lair:3)
  2 ironheart preservers (Vaults:1)
  3 very ugly things (Vaults:1)
  2 entropy weavers (Spider:1)
  A merfolk javelineer (Shoals:3)
  4 merfolk impalers (Shoals:3)
  9 hydras
  2 yaktaur captains (Vaults:1)
  A rakshasa (Vaults:1)
  Psyche (D:9)
  4 merfolk avatars
  Erolcha (D:12)
  A death knight (D:10)
  7 centaur warriors
  4 satyrs
  5 merfolk aquamancers
  9 two-headed ogres
  2 alligator snapping turtles (Shoals:3)
  10 sea snakes
  2 tengu warriors (D:11)
  4 orc high priests (Orc)
  2 ogre magi
  A death yak (Lair:2)
  Sonja (Lair:5)
  Nergalle (D:9)
  3 deep trolls
  A fire crab (Lair:6)
  2 unseen horrors (D:11)
  A glowing orange brain (D:12)
  An infernal demonspawn (Orc)
  2 wizards
  A torturous demonspawn (Orc)
  3 cyclopes
  A gelid demonspawn (Orc)
  A glowing orange brain (shapeshifter) (Vaults:1)
  2 lindwurms (Lair:6)
  A wolf spider zombie (D:11)
  3 deep elf archers (Vaults:1)
  2 necromancers (D:12)
  4 orc knights (Orc)
  A frost giant zombie (Vaults:1)
  An ironheart convoker (Vaults:1)
  19 harpies
  An orb spider (Spider:1)
  3 wolf spiders (Spider:1)
  9 fauns
  6 deep elf magi (Vaults:1)
  7 orc sorcerers (Orc)
  12 ugly things
  13 manticores
  7 elephants
  An elephant (shapeshifter) (D:12)
  A salamander (shapeshifter) (D:12)
  3 vault sentinels (Vaults:1)
  5 centaur zombies
  11 merfolk sirens
  6 black mambas
  6 water nymphs
  Joseph (D:10)
  A rust devil (Orc)
  2 smoke demons (Orc)
  4 centaur skeletons
  A gargoyle (D:11)
  An orange demon (Orc)
  7 cane toads
  3 kobold demonologists (D:12)
  4 torpor snails
  4 rime drakes
  3 demonic crawlers
  9 komodo dragons
  2 freezing wraiths
  A yaktaur (shapeshifter) (D:11)
  An ice devil (Orc)
  2 tengu conjurers (D:12)
  An efreet (D:10)
  2 jumping spiders (Spider:1)
  Maurice (D:11)
  23 merfolk
  A troll (shapeshifter) (D:12)
  A wind drake (shapeshifter) (D:12)
  3 polar bears
  7 trolls
  6 wind drakes
  A harpy skeleton (D:12)
  3 tyrant leeches (Lair:6)
  8 hornets
  Prince Ribbit (D:5)
  8 snapping turtles
  10 hippogriffs
  15 blink frogs
  9 dream sheep
  13 slime creatures
  A stone giant simulacrum (Vaults:1)
  A meliai zombie (D:10)
  Sigmund (D:3)
  A tarantella (shapeshifter) (D:10)
  14 redbacks
  57 yaks
  9 tarantellas
  2 vampires
  4 water elementals (Shoals:1)
  2 wraiths
  3 wyverns
  5 basilisks
  A spriggan (D:7)
  Eustachio (D:6)
  A basilisk (shapeshifter) (D:12)
  2 vampire mosquitoes (D:11)
  3 hungry ghosts
  An ogre zombie (Vaults:1)
  A steam dragon (D:9)
  A warg (Orc)
  8 crocodiles
  12 water moccasins
  4 acid dragons
  An acid dragon (shapeshifter) (D:12)
  10 porcupines
  2 sky beasts (D:7)
  15 orc warriors
  A soldier ant (D:10)
  3 ice beasts
  9 ogres
  A phantom (D:5)
  An eye of draining (D:12)
  6 wolves
  4 boggarts (Vaults:1)
  5 centaurs
  3 big kobolds
  11 bullfrogs
  Blork the orc (D:5)
  4 jellies
  3 scorpions
  A human simulacrum (Vaults:1)
  14 killer bees
  A wight (D:10)
  3 howler monkeys (D:8)
  5 electric eels
  A bullfrog zombie (D:5)
  6 crimson imps
  2 bullfrog skeletons
  23 orc priests
  2 hounds
  14 orc wizards
  2 iguanas
  7 worker ants
  2 hound zombies
  2 hound skeletons
  4 gnolls (D:7)
  13 adders
  3 adder skeletons
  8 worms
  A dart slug (D:4)
  7 leopard geckos
  61 orcs
  2 giant cockroaches (D:1)
  4 goblins
  4 hobgoblins
  5 jackals
  2 quokkas (D:3)
  A ball python (D:2)
  5 bats
  4 frilled lizards
  7 kobolds
  A quokka zombie (D:5)
  8 rats
  A fungus (Lair:5)
  A plant (Shoals:2)
823 creatures vanquished.

Vanquished Creatures (collateral kills)
  2 torpor snails (Lair:6)
  A plant (Lair:6)
3 creatures vanquished.

Vanquished Creatures (others)
  3 merfolk javelineers (Shoals:3)
  A yaktaur captain (Vaults:1)
  A satyr (Shoals:3)
  A centaur warrior (Vaults:1)
  A cyclops (Shoals:1)
  A faun (Shoals:1)
  A draconian (Shoals:2)
  2 octopodes (Shoals:2)
  A gargoyle (Shoals:2)
  An elf (Shoals:2)
  A troll (Shoals:2)
  2 spriggans (Shoals:2)
  A vampire (Shoals:2)
  A water elemental (Shoals:1)
  2 nagas (Shoals:2)
  An orc warrior (Orc)
  3 ogres (Shoals:2)
  2 orcs
  12 fungi
  29 plants
  22 tentacles (Shoals:2)
89 creatures vanquished.

Grand Total: 915 creatures vanquished

Notes
Turn   | Place    | Note
-------+----------+-------------------------------------------
     0 | D:1      | Morbidden the Skeleton Reaver began the quest for the Orb.
     0 | D:1      | Reached XP level 1. HP: 14/14 MP: 4/4
   361 | D:1      | Reached XP level 2. HP: 8/19 MP: 4/6
   874 | D:2      | Found a faded altar of an unknown god.
   911 | D:2      | Reached XP level 3. HP: 21/23 MP: 7/7
   937 | D:2      | Found a shimmering blue altar of Sif Muna.
  1044 | D:2      | Reached * piety under Vehumet
  1044 | D:2      | Offered knowledge of Shock by Vehumet.
  1047 | D:2      | Learned a level 1 spell: Shock
  1684 | D:2      | Found a shimmering blue altar of Sif Muna.
  1724 | D:2      | Found a hazy altar of Hepliaklqana.
  1852 | D:3      | Reached XP level 4. HP: 28/28 MP: 1/8
  1939 | D:3      | Reached skill level 1 in Conjurations
  2274 | D:3      | Found a hide-covered altar of Uskayaw.
  2375 | D:3      | Reached XP level 5. HP: 25/32 MP: 5/10
  2498 | D:3      | Noticed Sigmund
  2650 | D:3      | Reached skill level 1 in Short Blades
  2759 | D:3      | Killed Sigmund
  2760 | D:3      | Reached skill level 4 in Spellcasting
  2760 | D:3      | Reached skill level 1 in Air Magic
  2760 | D:3      | Gained mutation: You regenerate a little health from kills.
                  | [Skeleton growth]
  2760 | D:3      | Reached XP level 6. HP: 20/38 MP: 5/12
  3002 | D:3      | Found a basalt altar of Yredelemnul.
  3284 | D:4      | Reached skill level 1 in Throwing
  3357 | D:4      | Reached ** piety under Vehumet
  3394 | D:4      | Offered knowledge of Searing Ray by Vehumet.
  3395 | D:4      | Reached XP level 7. HP: 34/43 MP: 10/13
  3398 | D:4      | Learned a level 2 spell: Searing Ray
  3447 | D:4      | Reached skill level 5 in Long Blades
  3679 | D:4      | Reached skill level 5 in Spellcasting
  3951 | D:4      | Found an iron altar of Okawaru.
  4074 | D:4      | Found a staircase to the Ecumenical Temple.
  4188 | D:5      | Entered Level 5 of the Dungeon
  4541 | D:5      | Offered knowledge of Iskenderun's Mystic Blast by Vehumet.
  4547 | D:5      | Learned a level 3 spell: Iskenderun's Mystic Blast
  4670 | D:5      | Reached skill level 6 in Spellcasting
  4670 | D:5      | Reached XP level 8. HP: 48/48 MP: 17/17
  4900 | D:5      | Noticed Prince Ribbit
  4907 | D:5      | Reached skill level 5 in Dodging
  4907 | D:5      | Reached skill level 5 in Conjurations
  5182 | D:5      | Reached skill level 7 in Spellcasting
  5419 | D:5      | Found a snail-covered altar of Cheibriados.
  5550 | D:5      | Killed Prince Ribbit
  5551 | D:5      | Reached skill level 8 in Spellcasting
  5551 | D:5      | Reached XP level 9. HP: 51/53 MP: 17/21
  5683 | D:5      | Noticed Blork the orc
  5690 | D:5      | Killed Blork the orc
  5793 | D:5      | Found Dyokhuta's Antique Armour Shoppe.
  5884 | D:5      | Reached *** piety under Vehumet
  5956 | D:6      | Found a white marble altar of Elyvilon.
  5973 | D:6      | Noticed Eustachio
  5976 | D:6      | Killed Eustachio
  5977 | D:6      | Reached skill level 5 in Fighting
  6001 | D:6      | Reached skill level 1 in Shields
  6011 | D:6      | Found an opulent altar of Gozag.
  6199 | D:6      | Found a blossoming altar of Fedhas.
  6365 | D:6      | Reached skill level 9 in Spellcasting
  6459 | D:6      | Noticed a moth of wrath
  6463 | D:6      | Found a bloodstained altar of Trog.
  6684 | D:6      | Found a shattered altar of Ashenzari.
  6924 | D:6      | Learned a level 5 spell: Iskenderun's Battlesphere
  7024 | D:7      | Offered knowledge of Throw Icicle by Vehumet.
  7101 | D:7      | Reached skill level 1 in Stealth
  7101 | D:7      | Reached skill level 10 in Spellcasting
  7275 | D:7      | Found a corrupted altar of Lugonu.
  7509 | D:7      | Found a stormy altar of Qazlal.
  7566 | D:7      | Noticed a troll
  7570 | D:7      | Killed a troll
  7571 | D:7      | Gained mutation: Your movements are less encumbered by
                  | armour. (ER -4) [Skeleton growth]
  7571 | D:7      | Reached XP level 10. HP: 59/59 MP: 24/24
  7583 | D:7      | Found a staircase to the Lair.
  7995 | D:8      | Found a transporter.
  7995 | D:8      | Noticed Maksi666's ghost (novice EnBe)
  8328 | D:8      | Found an iron altar of Okawaru.
  8347 | D:8      | Found a glowing silver altar of Zin.
  8408 | D:8      | Found a sparkling altar of Nemelex Xobeh.
  8602 | D:8      | Found a transporter.
  8774 | D:8      | Got a warped golden ring
  8776 | D:8      | Identified the ring of Fupharph {Ice Int+2} (You found it
                  | on level 8 of the Dungeon)
  9163 | D:9      | Reached skill level 11 in Spellcasting
  9223 | D:9      | Reached **** piety under Vehumet
  9451 | D:9      | Reached skill level 10 in Conjurations
  9516 | D:9      | Offered knowledge of Stone Arrow by Vehumet.
  9517 | D:9      | Reached skill level 12 in Spellcasting
  9619 | D:9      | Noticed Psyche
  9624 | D:9      | Reached XP level 11. HP: 64/64 MP: 17/27
  9646 | D:9      | Killed Psyche
  9843 | D:9      | Noticed Nergalle
  9847 | D:9      | Killed Nergalle
 10152 | D:10     | Entered Level 10 of the Dungeon
 10239 | D:10     | Noticed a five-headed hydra
 10245 | D:10     | Killed a five-headed hydra
 10461 | D:10     | Noticed a wizard
 10463 | D:10     | Reached skill level 5 in Shields
 10465 | D:10     | Killed a wizard
 10536 | D:10     | Noticed a death knight
 10677 | D:10     | Found a staircase to the Orcish Mines.
 10699 | D:10     | Reached ***** piety under Vehumet
 10699 | D:10     | Offered knowledge of Orb of Destruction by Vehumet.
 10779 | D:10     | Found a roughly hewn altar of Beogh.
 10862 | D:10     | Noticed Joseph
 10869 | D:10     | Killed Joseph
 10951 | D:10     | Reached skill level 13 in Spellcasting
 11202 | Lair:1   | Entered Level 1 of the Lair of Beasts
 11258 | Lair:1   | Noticed an oklob plant
 11395 | Lair:1   | Reached skill level 1 in Charms
 11477 | Lair:1   | Learned a level 7 spell: Orb of Destruction
 12518 | Lair:2   | Reached XP level 12. HP: 71/71 MP: 29/29
 12574 | Lair:2   | Found a hide-covered altar of Uskayaw.
 12657 | Lair:2   | Got a sheer robe
 12756 | Lair:2   | Got an ichor-stained glaive
 12793 | Lair:2   | Noticed a death yak
 12799 | Lair:2   | Killed a death yak
 12878 | Lair:2   | Noticed a six-headed hydra
 12888 | Lair:2   | Killed a six-headed hydra
 12889 | Lair:2   | Reached skill level 14 in Spellcasting
 12934 | Lair:2   | Identified the +1 robe of the Vaults {*Drain rPois Str+2
                  | Int+4} (You found it on level 2 of the Lair of Beasts)
 13022 | Lair:2   | Noticed a five-headed hydra
 13026 | Lair:2   | Killed a five-headed hydra
 13541 | Lair:3   | Found a hole to the Spider Nest.
 13614 | Lair:3   | Noticed a four-headed hydra
 13620 | Lair:3   | Killed a four-headed hydra
 13846 | Lair:3   | Offered knowledge of Icicle Burst by Vehumet.
 13921 | Lair:3   | Noticed a five-headed hydra
 13925 | Lair:3   | Killed a five-headed hydra
 13942 | Lair:3   | Reached skill level 15 in Spellcasting
 14246 | Lair:3   | Got a transparent leather armour
 14639 | Lair:4   | Reached XP level 13. HP: 75/76 MP: 30/32
 14721 | Lair:4   | Found a runed translucent door.
 14721 | Lair:4   | Found a shimmering altar of Xom.
 14721 | Lair:4   | Noticed Winsalot's ghost (journeyman DjCj)
 14758 | Lair:4   | Identified the +2 leather armour of Spring Thaw {rPois
                  | Int+2} (You found it on level 3 of the Lair of Beasts)
 14955 | Lair:4   | Found an opulent altar of Gozag.
 15112 | Lair:4   | Found a staircase to the Shoals.
 15834 | Lair:5   | Noticed Sonja
 15836 | Lair:5   | Killed Sonja
 15909 | Lair:5   | Found a runed translucent gate.
 15910 | Lair:5   | Found a runed translucent gate.
 15912 | Lair:5   | Found a runed translucent gate.
 15913 | Lair:5   | Noticed Hairutzoic's ghost (journeyman MiBe)
 15913 | Lair:5   | Noticed yrara's ghost (journeyman DsFi)
 15913 | Lair:5   | Noticed Morbidden's ghost (journeyman FrAE)
 15913 | Lair:5   | Noticed Caath's ghost (journeyman DrFi)
 16099 | Lair:5   | Got a shimmering robe
 16470 | Lair:5   | Reached skill level 16 in Spellcasting
 16475 | Lair:5   | Identified 2 scrolls of acquirement
 16475 | Lair:5   | Identified the +10 rapier of Duclos {flame, Str+7} (You
                  | acquired it on level 5 of the Lair of Beasts)
 16475 | Lair:5   | Identified the +2 pair of boots of Hangman {+Fly rF+ Dex+2}
                  | (You acquired it on level 5 of the Lair of Beasts)
 16475 | Lair:5   | Identified the ring of the Original Sin {*Contam *Corrode
                  | rN+++ EV+3 Int+9 SInv} (You acquired it on level 5 of the
                  | Lair of Beasts)
 16475 | Lair:5   | Identified Morbidden's Incunabulum of Fetching Arcane
                  | Weapons (You acquired it on level 5 of the Lair of Beasts)
 16490 | Lair:5   | Identified the cursed +1 robe "Orun" {+Inv rF+} (You found
                  | it on level 5 of the Lair of Beasts)
 16503 | Lair:5   | Identified the +4 demon blade of the Howling King {freeze,
                  | Int+8 Dex-5} (You acquired it on level 5 of the Lair of
                  | Beasts)
 16503 | Lair:5   | Identified the +1 plate armour "Xutee" {rElec rN+ Str+2}
                  | (You acquired it on level 5 of the Lair of Beasts)
 16503 | Lair:5   | Identified the ring "Dackiwne" {EV+2 Int+5} (You acquired
                  | it on level 5 of the Lair of Beasts)
 16561 | Lair:6   | Entered Level 6 of the Lair of Beasts
 16627 | Lair:6   | Found a staircase to the Slime Pits.
 16627 | Lair:6   | Found a viscous altar of Jiyva.
 17323 | Lair:5   | Found a runed translucent gate.
 17323 | Lair:5   | Found a runed translucent gate.
 17323 | Lair:5   | Found a runed translucent gate.
 17949 | Lair:6   | Learned a level 4 spell: Airstrike
 18273 | Lair:6   | Found a runed door.
 18593 | Lair:6   | Reached XP level 14. HP: 84/84 MP: 33/34
 19118 | D:10     | Identified the +4 war axe of the Lair of Beasts {chop, rF+}
 19193 | D:10     | Reached skill level 15 in Conjurations
 19438 | D:10     | Offered knowledge of Conjure Ball Lightning by Vehumet.
 19453 | D:10     | Reached skill level 10 in Long Blades
 19848 | D:11     | Found Rorav's Food Shop.
 19905 | D:11     | Reached skill level 17 in Spellcasting
 20036 | D:11     | Found the +2 shield of Resistance {rF+ rC+ MR+}
 20087 | D:11     | Noticed Maurice
 20090 | D:11     | Killed Maurice
 20142 | D:11     | Got a twisted short sword
 20572 | D:11     | Found a runed door.
 20616 | D:12     | Entered Level 12 of the Dungeon
 20678 | D:12     | Found a large runed translucent door.
 21038 | D:12     | Noticed Erolcha
 21041 | D:12     | Killed Erolcha
 21571 | D:12     | Found a large runed translucent door.
 21574 | D:12     | Noticed Quickbrownfox's ghost (journeyman DsAc)
 21703 | D:12     | Offered knowledge of Lee's Rapid Deconstruction by Vehumet.
 21935 | D:12     | Found a gate to the Vaults.
 22018 | D:12     | Reached skill level 18 in Spellcasting
 22106 | D:12     | Reached XP level 15. HP: 89/89 MP: 23/37
 22170 | D:12     | Found a staircase to the Depths.
 22622 | Orc      | Entered the Orcish Mines
 22622 | Orc      | Found a roughly hewn altar of Beogh.
 22692 | Orc      | Found Qopou's Armour Emporium.
 22727 | Orc      | Bought a +1 pair of boots of running for 474 gold pieces
 23185 | Orc      | Found a staircase to the Elven Halls.
 23300 | Orc      | Found Neich's Magic Scroll Shoppe.
 23303 | Orc      | Found Bytz's Distillery.
 23322 | Orc      | Bought a scroll of teleportation for 45 gold pieces
 23327 | Orc      | Reached ****** piety under Vehumet
 23395 | Orc      | Reached skill level 10 in Shields
 24151 | Orc      | Found Eggudaw's Book Shop.
 24151 | Orc      | Found Xemogean's Antique Armour Boutique.
 24152 | Orc      | Found a one-way gate leading to the halls of Pandemonium.
 24232 | Orc      | Noticed Jorgrun
 24236 | Orc      | Killed Jorgrun
 24547 | Spider:1 | Entered Level 1 of the Spider Nest
 24566 | Lair:3   | Offered knowledge of Bolt of Fire by Vehumet.
 24798 | Spider:1 | Reached skill level 19 in Spellcasting
 25107 | Spider:1 | Got a smoking amber ring
 25109 | Spider:1 | Identified the ring "Leschen" {+Fly MP-9 Int+4 Dex+2} (You
                  | found it on level 1 of the Spider Nest)
 25223 | Shoals:1 | Entered Level 1 of the Shoals
 25525 | Shoals:1 | Offered knowledge of Bolt of Cold by Vehumet.
 25703 | Shoals:1 | Gained mutation: You regenerate health from kills.
                  | [Skeleton growth]
 25703 | Shoals:1 | Reached XP level 16. HP: 96/96 MP: 38/39
 25796 | Shoals:1 | Reached skill level 5 in Air Magic
 26053 | Shoals:1 | Found Hereicio's Assorted Antiques.
 26117 | Shoals:1 | Bought a wand of clouds (6) for 540 gold pieces
 26474 | Shoals:2 | Noticed a kraken
 26482 | Shoals:2 | Noticed Ilsuiw
 26486 | Shoals:2 | Killed Ilsuiw
 26567 | Shoals:2 | Reached skill level 20 in Spellcasting
 26655 | Shoals:2 | Reached skill level 10 in Dodging
 27372 | Shoals:3 | Entered Level 3 of the Shoals
 27492 | Shoals:3 | Offered knowledge of Poison Arrow by Vehumet.
 27603 | Shoals:3 | Reached skill level 10 in Fighting
 27658 | Shoals:3 | Got a barnacled rune of Zot
 28405 | Shoals:3 | Reached XP level 17. HP: 103/103 MP: 41/41
 29323 | Vaults:1 | Entered Level 1 of the Vaults
 29884 | Vaults:1 | Reached skill level 21 in Spellcasting
 29917 | Vaults:1 | Noticed a lich
 29993 | Vaults:1 | Reached skill level 1 in Armour
 30223 | Vaults:1 | Identified the +1 robe of Negation {rPois rF+ Int-5 Slay+2}
 30628 | Vaults:1 | HP: 4/102 [deep troll shaman[an ironheart preserver] (12)]
 30629 | Vaults:1 | Found an ancient bone altar of Kikubaaqudgha.
 30629 | Vaults:1 | Found a staircase to the Crypt.
 30629 | Vaults:1 | Found a basalt altar of Yredelemnul.
 31373 | Vaults:1 | Offered knowledge of Lehudib's Crystal Spear by Vehumet.
 31373 | Vaults:1 | Offered knowledge of Glaciate by Vehumet.
 31373 | Vaults:1 | Offered knowledge of Chain Lightning by Vehumet.
 31386 | Vaults:1 | Slain by a deep troll shaman

Skill      XL: |  1  2  3  4  5  6  7  8  9 10 11 12 13 14 15 16 17 |
---------------+----------------------------------------------------+-----
Long Blades    | 4 5 6 7 8 9 10 11 12 | 12.6
Conjurations   | 1 2 3 4 6 8 10 11 13 14 15 16 17 | 17.5
Short Blades   | 1 2 3 |  3.5
Dodging        | 4 5 6 7 8 9 10 | 10.7
Spellcasting   | 4 6 8 10 12 13 15 16 18 19 20 21 | 21.5
Air Magic      | 1 2 4 6 |  6.6
Throwing       | 1 |  1.4
Fighting       | 4 5 6 7 8 9 10 | 10.7
Shields        | 2 4 6 7 8 9 10 11 | 11.8
Stealth        | 1 2 3 4 |  4.3
Charms         | 1 2 |  2.0
Armour         | 2 |  2.3
Evocations     | |  0.3

Action                   |  1- 3 |  4- 6 |  7- 9 | 10-12 | 13-15 | 16-18 || total
-------------------------+-------+-------+-------+-------+-------+-------++-------
Melee: Long sword        |    33 |       |     5 |     5 |     2 |       ||    45
       Dagger            |    83 |    86 |    47 |    37 |     4 |       ||   257
       Staff             |       |       |       |     1 |     3 |     2 ||     6
       Scimitar          |       |       |       |       |    45 |       ||    45
Throw: Javelin           |     4 |     6 |     2 |       |       |    12 ||    24
       Tomahawk          |       |       |       |       |     6 |       ||     6
 Cast: Shock             |    28 |    59 |    30 |       |       |       ||   117
       Searing Ray       |       |       |    22 |     1 |     2 |     1 ||    26
       Iskenderun's Myst |       |       |   123 |   320 |   732 |   318 ||  1493
       Iskenderun's Batt |       |       |     5 |    10 |       |     1 ||    16
       Orb of Destructio |       |       |       |    19 |    70 |   172 ||   261
Evoke: Wand              |       |       |       |       |     2 |     6 ||     8
  Use: Scroll            |       |       |     9 |    13 |    21 |     4 ||    47
 Stab: Paralysed         |       |       |       |       |     1 |       ||     1
Armor: Steam dragon scal |    36 |    24 |    20 |       |       |       ||    80
       Robe              |       |       |     7 |     4 |       |    22 ||    33
       Troll leather arm |       |       |       |    14 |    39 |    11 ||    64
Dodge: Dodged            |    98 |    46 |    48 |    38 |    86 |   119 ||   435
Block: Large shield      |       |       |       |       |    60 |       ||    60
       Medium shield     |       |       |       |       |   133 |   202 ||   335
       Reflection        |       |       |       |       |    14 |    35 ||    49
